AoeStats
← MJAI

Oasis

509386509Analyzed
4v4 RM · 7d ago on Sep 26, 2026· 32m 53s· 8 players
Game mode
Random Map
Map size
Large (8 player)
Population
200
Speed
Normal
Resources
Standard
Victory
Conquest
Starting age
Dark Age
Ending age
Imperial Age
RankedLock teamsTeams togetherTeam positionsShared explorationLock speedFull tech treeHidden civsTurbo modeCheats
Victory
Defeat
🇭🇰 Burgundians · Hong Kong SAR China
1728
+10
🇪🇸 Shu · Spain
1616
+15
🇭🇰 Ethiopians · Hong Kong SAR China
1601
+15
🇮🇳 Varangians · India
1512
+20
🇫🇷 Saracens · France
1654
-18
🇫🇷 Jurchens · France
1606
-16
🇩🇪 Magyars · Germany
1575
-14
🇫🇷 Britons · France
1511
-12
jdac
6:35 Loom
9:20 Feudal Age
9:52 Double-Bit Axe
14:47 Fletching
20:40 Castle Age
19:02 Padded Archer Armor
19:41 Horse Collar
20:45 Crossbowman
21:32 Bodkin Arrow
22:08 Bow Saw
24:59 Ballistics
26:50 Wheelbarrow
26:23 Town Watch
30:30 Thumb Ring
31:03 Leather Archer Armor
31:07 Gold Mining
34:17 Imperial Age
hide1914
6:09 Loom
8:55 Feudal Age
9:32 Double-Bit Axe
10:56 Fletching
13:45 Padded Archer Armor
21:32 Castle Age
20:43 Gold Mining
22:10 Bodkin Arrow
21:36 Crossbowman
22:43 Bow Saw
22:13 Horse Collar
25:23 Leather Archer Armor
26:25 Ballistics
27:24 Thumb Ring
31:10 Heavy Plow
31:46 Wheelbarrow
NotATeamPlayer
6:31 Loom
8:39 Feudal Age
9:18 Double-Bit Axe
12:47 Bloodlines
14:49 Scale Barding Armor
17:39 Forging
21:20 Castle Age
22:23 Chain Barding Armor
22:24 Bow Saw
24:17 Wheelbarrow
24:55 Husbandry
27:30 Hand Cart
MJAI
4:28 Double-Bit Axe
9:35 Feudal Age
10:31 Horse Collar
15:03 Scale Barding Armor
17:50 Wheelbarrow
21:17 Castle Age
21:05 Bow Saw
20:56 Heavy Plow
21:24 Light Cavalry
22:05 Husbandry
22:47 Cavalier
25:15 Chain Barding Armor
26:54 Town Watch
26:54 Loom
29:06 Hand Cart
31:35 Gold Mining
34:47 Imperial Age
Tonymontana
6:12 Loom
8:40 Feudal Age
17:36 Fletching
18:33 Double-Bit Axe
20:34 Padded Archer Armor
26:10 Castle Age
26:32 Crossbowman
ccereal
5:04 Loom
8:52 Feudal Age
9:28 Double-Bit Axe
13:24 Fletching
20:47 Padded Archer Armor
23:47 Horse Collar
Frorok
10:25 Feudal Age
14:32 Castle Age
12:24 Double-Bit Axe
13:37 Scale Barding Armor
15:26 Bow Saw
16:33 Horse Collar
18:48 Loom
22:28 Bloodlines
22:57 Husbandry
24:58 Chain Barding Armor
27:11 Wheelbarrow
27:45 Forging
29:12 Iron Casting
31:45 Fletching
p0n0n0
6:33 Loom
9:02 Feudal Age
9:37 Double-Bit Axe
10:03 Horse Collar
19:43 Wheelbarrow
19:55 Scale Barding Armor
23:43 Castle Age
22:30 Bloodlines
24:03 Light Cavalry
25:07 Chain Barding Armor
29:28 Husbandry
Connection lost

Rejoining the realm…

Still unreachable

The connection could not be restored.

Session expired

The server has moved on; the page needs a fresh start.